cohdb
Replays
Latest Replays
All Replays
Popular Replays
Top Player Replays
Match Explorer
How It Works
Community
CoH3 Stats
Reddit
Sign in to upload your games and track your stats! →
Sign in with Steam
Match 45640069
Unlisted
Match 45640069
Overview
Messages
Build Orders
End
Construct Infanterie Kompanie
Grenadier Squad
Grenadier Squad
Grenadier Squad
Construct Luftwaffe Kompanie
Jäger Squad
Jäger Squad
Support Elements
Wirbelwind Flakpanzer
Wirbelwind Flakpanzer
Luftwaffe Officer Quarters
Selects Breakthrough Battlegroup
Selects Assault Grenadiers
Selects Rapid Production
Selects Blitzkrieg
Pioneer Squad
Side Skirts
Construct Panzergrenadier Kompanie
Medical Station
StuG III G Assault Gun
Selects Smoke Bombing Run
Selects Incendiary Bombing Run
Incendiary Bombing Run
StuG III G Assault Gun
カルト_くん
alloverU LIKEARASH
Leeroy
Tubby
0
0
Comments
sign in to comment!
No comments posted yet!